AoeStats
← giussepearteaga

Black Forest

505582471Analyzed
3v3 RM · 21d ago on Sep 10, 2026· 64m 34s· 6 players
Game mode
Random Map
Map size
Normal (6 player)
Population
200
Speed
Normal
Resources
Standard
Victory
Conquest
Starting age
Dark Age
Ending age
Imperial Age
RankedLock teamsTeams togetherTeam positionsShared explorationLock speedFull tech treeHidden civsTurbo modeCheats
Victory
Defeat
🇨🇴 Romans · Colombia
713
+14
🇨🇴 Khmer · Colombia
696
+14
🇨🇴 Malay · Colombia
677
+15
🇦🇷 Bohemians · Argentina
692
-16
🇺🇸 Franks · United States
661
-14
🇦🇺 Romans · Australia
634
-13
snipejawn07
4:12 Loom
14:44 Feudal Age
15:42 Double-Bit Axe
24:31 Castle Age
26:11 Bow Saw
32:12 Caravan
33:01 Wheelbarrow
36:31 Scale Barding Armor
36:37 Forging
37:09 Hand Cart
39:28 Chain Barding Armor
39:44 Iron Casting
42:43 Imperial Age
45:36 Cavalier
46:22 Husbandry
47:03 Plate Barding Armor
47:34 Blast Furnace
47:04 Paladin
48:23 Chivalry
48:38 Guard Tower
49:50 Chemistry
TownsVanFran
0:30 Loom
15:43 Feudal Age
16:15 Double-Bit Axe
19:39 Horse Collar
20:39 Wheelbarrow
19:51 Town Watch
23:21 Castle Age
23:16 Fletching
24:22 Heavy Plow
24:41 Bow Saw
24:28 Man-at-Arms
28:13 Gold Mining
32:06 Caravan
34:22 Long Swordsman
35:03 Squires
34:24 Pikeman
35:04 Stone Mining
35:58 Fortified Wall
36:08 Ballistics
35:45 Murder Holes
39:08 Hand Cart
40:03 Scale Mail Armor
44:50 Imperial Age
42:47 Chain Mail Armor
42:42 Forging
45:30 Ballistas
44:52 Legionary
45:58 Conscription
47:55 Comitatenses
48:40 Comitatenses
50:50 Iron Casting
50:36 Onager
52:18 Heavy Scorpion
MatiasBernal758
0:31 Loom
16:47 Feudal Age
17:23 Double-Bit Axe
22:08 Castle Age
23:28 Wheelbarrow
22:40 Town Watch
23:16 Bow Saw
24:26 Horse Collar
39:25 Imperial Age
38:29 Chemistry
38:13 Pikeman
38:54 Squires
38:39 Arson
40:51 Town Patrol
41:06 Hand Cart
42:33 Heavy Plow
43:00 Hand Cart
45:39 Two-Man Saw
44:35 Arson
44:11 Halberdier
45:59 Murder Holes
46:07 Caravan
49:01 Cavalier
49:41 Husbandry
49:02 Light Cavalry
giussepearteaga
12:48 Feudal Age
15:26 Horse Collar
16:08 Double-Bit Axe
23:02 Castle Age
24:16 Heavy Plow
24:33 Bow Saw
32:24 Imperial Age
36:02 Conscription
36:07 Forging
36:07 Scale Barding Armor
36:38 Treadmill Crane
38:02 Chemistry
37:25 Ballistics
38:11 Crop Rotation
38:06 Arson
38:24 Squires
39:06 Forced Levy
41:17 Iron Casting
41:00 Man-at-Arms
43:13 Long Swordsman
47:03 Blast Furnace
47:53 Two-Handed Swordsman
50:35 Elite Karambit Warrior
rincon9r7
2:03 Loom
20:40 Feudal Age
21:49 Town Watch
22:01 Double-Bit Axe
26:45 Horse Collar
30:00 Castle Age
29:16 Padded Archer Armor
29:07 Fletching
29:23 Stone Mining
30:12 Scale Barding Armor
34:41 Town Patrol
36:05 Caravan
44:30 Imperial Age
43:04 Tusk Swords
45:05 Bow Saw
44:39 Elite Ballista Elephant
46:37 Conscription
47:29 Ballistics
48:10 Chemistry
47:17 Bodkin Arrow
48:50 Light Cavalry
51:17 Hussar
53:48 Pikeman
58:23 Bloodlines
58:14 Husbandry
58:24 Bracer
58:39 Leather Archer Armor
58:58 Halberdier
camilo.quija
11:06 Feudal Age
11:35 Double-Bit Axe
13:25 Horse Collar
21:17 Castle Age
19:34 Gold Mining
19:42 Stone Mining
21:29 Wheelbarrow
20:41 Loom
22:00 Heavy Plow
22:11 Bow Saw
25:26 Gold Shaft Mining
25:03 Caravan
28:51 Ballistics
28:53 Masonry
30:00 Murder Holes
31:28 Ballistas
34:53 Imperial Age
34:09 Hand Cart
33:39 Town Watch
34:33 Padded Archer Armor
34:24 Fletching
36:56 Crop Rotation
37:39 Chemistry
37:18 Siege Engineers
37:44 Conscription
38:10 Heavy Scorpion
39:16 Leather Archer Armor
39:49 Bodkin Arrow
40:06 Forging
39:56 Scale Mail Armor
39:48 Capped Ram
41:12 Ring Archer Armor
41:14 Scale Barding Armor
41:53 Architecture
42:21 Iron Casting
42:33 Chain Mail Armor
42:40 Siege Ram
44:31 Chain Barding Armor
44:59 Comitatenses
46:35 Blast Furnace
45:29 Guard Tower
49:33 Elite Centurion
50:52 Plate Barding Armor
50:29 Town Patrol
51:07 Keep
50:43 Fortified Wall
Connection lost

Rejoining the realm…

Still unreachable

The connection could not be restored.

Session expired

The server has moved on; the page needs a fresh start.